[Event "Titled Tuesday Blitz December 06 Late 2022"]
[White "Martin Carmona, Gaston Manuel"]
[Black "Rosen, Eric"]
[WhiteFideId "22284567"]
[BlackFideId "2032562"]
[WhiteElo "2235"]
[BlackElo "2362"]
[Result "0-1"]
[Round "03"]
[TimeControl "180+1"]
[Date "2022.12.07"]
[WhiteClock "0:00:34"]
[BlackClock "0:00:03"]

1. e4 c5 2. Nf3 d6 3. d4 Nf6 4. Nc3 cxd4 5. Nxd4 g6 6. Be3 Bg7 7. f3 a6 8. Qd2 h5 9. Bc4 b5 10. Bb3 Bb7 11. O-O Nbd7 12. Rae1 Rc8 13. Nd5 Nc5 14. Nxf6+ Bxf6 15. Bg5 Bxg5 16. Qxg5 Nxb3 17. Nxb3 Rxc2 18. e5 dxe5 19. Qxe5 O-O 20. Qxe7 Qxe7 21. Rxe7 Bd5 22. Rf2 Rfc8 23. Ree2 Bxb3 24. axb3 Rc1+ 25. Rf1 Rxf1+ 26. Kxf1 Rc1+ 27. Kf2 Rb1 28. Ke3 Kf8 29. Kd3 Rc1 30. Kd2 Rc6 31. g4 h4 32. f4 Kg7 33. Re3 Kf6 34. Rh3 g5 35. f5 Ke5 36. Rf3 Ke4 37. Rf1 Rd6+ 38. Ke2 Rc6 39. Kd2 Rd6+ 40. Ke2 f6 41. h3 Rd4 42. Ra1 Rd6 43. Rc1 Kf4 44. Rc3 b4 45. Rf3+ Ke4 46. Re3+ Kf4 47. Rf3+ Ke5 48. Re3+ Kf4 49. Re6 Rd7 50. Rxf6 Kg3 51. Rxa6 Kxh3 52. f6 Kxg4 53. Re6 Rf7 54. Re4+ Kg3 55. Rxb4 Rxf6 56. Rc4 h3 57. Rc3+ Kg2 58. Rc4 Rf4 0-1


[Site "https://www.chess.com"]

[Event "Titled Tuesday Blitz December 06 Late 2022"]
[White "Martinez Alcantara, Jose Eduardo"]
[Black "Bazeev, German"]
[WhiteFideId "3805662"]
[BlackFideId "24119350"]
[WhiteElo "2707"]
[BlackElo "2501"]
[Result "1-0"]
[Round "03"]
[TimeControl "180+1"]
[Date "2022.12.06"]
[WhiteClock "0:01:46"]
[BlackClock "0:00:28"]

1. e4 c5 2. Nf3 Nf6 3. e5 Nd5 4. Nc3 Nxc3 5. dxc3 e6 6. Bf4 Qb6 7. b3 h6 8. Qd2 Nc6 9. h4 Qc7 10. Rd1 b6 11. Bd3 Bb7 12. Be4 O-O-O 13. O-O Be7 14. h5 Na5 15. Qe2 Bxe4 16. Qxe4 Qc6 17. Qe2 g6 18. hxg6 fxg6 19. Nd2 g5 20. Bh2 Nb7 21. Ne4 Rhf8 22. Rfe1 Rf5 23. Rd3 c4 24. Rh3 cxb3 25. axb3 Nc5 26. Nd2 Rdf8 27. Bg3 g4 28. Rxh6 Bg5 29. Rh7 Bxd2 30. Qxd2 R5f7 31. Rxf7 Rxf7 32. Qd4 Qd5 33. Qe3 Rh7 34. c4 Qc6 35. Qg5 1-0


[Site "https://www.chess.com"]

[Event "Titled Tuesday Blitz December 06 Late 2022"]
[White "Mazurkiewicz, Michal"]
[Black "Kim, Sergey"]
[WhiteFideId "1124943"]
[BlackFideId "13700570"]
[WhiteElo "2081"]
[BlackElo "2618"]
[Result "1-0"]
[Round "03"]
[TimeControl "180+1"]
[Date "2022.12.07"]
[WhiteClock "0:02:29"]
[BlackClock "0:02:24"]

1. e4 e5 2. Nf3 Nc6 3. d3 g6 4. g3 Bg7 5. Bg2 Nge7 6. O-O O-O 7. c3 d6 8. b4 a6 9. a3 h6 10. Nbd2 f5 11. Bb2 f4 12. d4 g5 13. h3 g4 14. hxg4 Bxg4 15. a4 exd4 16. cxd4 Nxd4 17. Bxd4 Bxd4 18. Qb3+ Kh7 19. Nxd4 Ng6 20. Ne6 Bxe6 21. Qxe6 Qg5 22. Nf3 Qh5 23. g4 1-0


[Site "https://www.chess.com"]

[Event "Titled Tuesday Blitz December 06 Late 2022"]
[White "Mendez Fortes, Eduardo Jesus"]
[Black "Freile Martin, Javier"]
[WhiteFideId "3502376"]
[BlackFideId "3600165"]
[WhiteElo "2307"]
[BlackElo "2335"]
[Result "1-0"]
[Round "03"]
[TimeControl "180+1"]
[Date "2022.12.07"]
[WhiteClock "0:02:24"]
[BlackClock "0:00:38"]

1. e4 c5 2. Nf3 d6 3. d4 cxd4 4. Nxd4 Nf6 5. Nc3 Nc6 6. Bg5 Bd7 7. f4 Rc8 8. Qd2 Nxd4 9. Qxd4 Qa5 10. O-O-O Rxc3 11. Bxf6 Rc5 12. Bxg7 Bxg7 13. Qxg7 Rf8 14. Kb1 Be6 15. b3 Qc7 16. f5 Rxc2 17. fxe6 fxe6 18. Bb5+ 1-0


[Site "https://www.chess.com"]

[Event "Titled Tuesday Blitz December 06 Late 2022"]
[White "Mikaelyan, Arman"]
[Black "Xiong, Jeffery"]
[WhiteFideId "13304852"]
[BlackFideId "2047640"]
[WhiteElo "2456"]
[BlackElo "2726"]
[Result "0-1"]
[Round "03"]
[TimeControl "180+1"]
[Date "2022.12.06"]
[WhiteClock "0:00:04"]
[BlackClock "0:00:19"]

1. d4 d5 2. c4 dxc4 3. Nf3 a6 4. e3 Nf6 5. Bxc4 e6 6. O-O c5 7. b3 cxd4 8. Nxd4 Bd6 9. Bb2 O-O 10. Nd2 e5 11. N4f3 Qe7 12. Ng5 b5 13. Nde4 Nxe4 14. Nxe4 Rd8 15. Bd5 Ra7 16. Qf3 Bb4 17. Rad1 Rad7 18. Ng3 Rd6 19. e4 g6 20. a3 Rf6 21. Qe2 Bc5 22. b4 Bb6 23. Kh1 h5 24. f4 Bg4 25. fxe5 Rxf1+ 26. Qxf1 Bxd1 27. Qxd1 Nd7 28. Nxh5 Nxe5 29. Nf4 Be3 30. Ne2 Ng4 31. Qf1 Nf2+ 32. Kg1 Nxe4+ 33. Kh1 Nf2+ 34. Kg1 Rxd5 0-1


[Site "https://www.chess.com"]

[Event "Titled Tuesday Blitz December 06 Late 2022"]
[White "Milikow, Yoav"]
[Black "Winterberg, Lukas"]
[WhiteFideId "2822237"]
[BlackFideId "24622702"]
[WhiteElo "2789"]
[BlackElo "2471"]
[Result "1-0"]
[Round "03"]
[TimeControl "180+1"]
[Date "2022.12.07"]
[WhiteClock "0:00:05"]
[BlackClock "0:00:05"]

1. d4 Nf6 2. c4 e6 3. Nc3 d5 4. Nf3 Be7 5. g3 O-O 6. Bg2 b6 7. O-O Bb7 8. Ne5 Nbd7 9. cxd5 Nxd5 10. Nxd5 exd5 11. Bf4 c5 12. dxc5 Nxe5 13. Bxe5 bxc5 14. Qb3 Qd7 15. Rfd1 Rfd8 16. Rac1 Rac8 17. Qa3 Ba8 18. Qa5 h5 19. h4 Qe6 20. Bf4 Qb6 21. Qd2 Bf6 22. b3 c4 23. bxc4 dxc4 24. Qc2 Bxg2 25. Kxg2 c3 26. e4 Bd4 27. Qe2 g6 28. Rd3 Bg7 29. Rf3 Qb2 30. Rc2 Qb1 31. Bc1 Bd4 32. e5 Re8 33. Bf4 Bxe5 34. Re3 Rc5 35. Bxe5 Rexe5 36. Rcxc3 Rxc3 37. Rxe5 Rc1 38. Re8+ Kh7 39. Kf3 Rc2 40. Qe5 Qb7+ 41. Ke3 Qb6+ 42. Kd3 1-0


[Site "https://www.chess.com"]

[Event "Titled Tuesday Blitz December 06 Late 2022"]
[White "Mladek, Richard"]
[Black "Khandelwal, Ankush"]
[WhiteFideId "386588"]
[BlackFideId "413470"]
[WhiteElo "2271"]
[BlackElo "2271"]
[Result "0-1"]
[Round "03"]
[TimeControl "180+1"]
[Date "2022.12.07"]
[WhiteClock "0:00:53"]
[BlackClock "0:00:28"]

1. d4 Nf6 2. c4 g6 3. Nc3 Bg7 4. e4 d6 5. Nf3 O-O 6. Be3 Na6 7. Be2 e5 8. O-O Qe7 9. d5 Ng4 10. Bg5 f6 11. Bc1 f5 12. Ne1 Nf6 13. f3 b6 14. Nd3 Nc5 15. b4 fxe4 16. bxc5 exd3 17. cxd6 Qxd6 18. Bxd3 e4 19. fxe4 Ng4 20. Rxf8+ Kxf8 21. Qf3+ Kg8 22. Bd2 Qxh2+ 23. Kf1 Qh1+ 24. Ke2 Qxa1 25. Nb5 Ne5 26. Qg3 Bg4+ 27. Ke3 Qg1+ 28. Qf2 Bh6+ 0-1


[Site "https://www.chess.com"]

[Event "Titled Tuesday Blitz December 06 Late 2022"]
[White "Moroni, Luca Jr"]
[Black "Kleiman, Jake"]
[WhiteFideId "865834"]
[BlackFideId "2020041"]
[WhiteElo "2573"]
[BlackElo "2580"]
[Result "0-1"]
[Round "03"]
[TimeControl "180+1"]
[Date "2022.12.06"]
[WhiteClock "0:01:05"]
[BlackClock "0:00:29"]

1. d4 Nf6 2. Bf4 e6 3. e3 d5 4. Nf3 Bd6 5. Nbd2 O-O 6. Bd3 b6 7. Qe2 a5 8. Ne5 Ba6 9. Bxa6 Nxa6 10. c3 Nb8 11. h4 c6 12. g4 Qc7 13. h5 Nfd7 14. Ndf3 f6 15. Nxd7 Nxd7 16. Bxd6 Qxd6 17. O-O-O b5 18. g5 f5 19. Kb1 c5 20. dxc5 Nxc5 21. Qxb5 Rfb8 22. Qe2 Na4 23. Ka1 Rxb2 24. Rd2 Rab8 25. Rxb2 Rxb2 26. Qxb2 Nxb2 27. Kxb2 Qb6+ 28. Kc2 Qb5 29. Nd4 Qc4 30. Rb1 e5 31. Rb8+ Kf7 32. Rb7+ Ke8 33. Ne6 d4 34. Nxg7+ Kd8 35. exd4 exd4 36. Nxf5 Qxc3+ 37. Kd1 Qf3+ 38. Ke1 Qxb7 39. g6 hxg6 40. hxg6 Qe4+ 0-1


[Site "https://www.chess.com"]

[Event "Titled Tuesday Blitz December 06 Late 2022"]
[White "Omelja, Artem"]
[Black "Girel, Joseph"]
[WhiteFideId "14119846"]
[BlackFideId "36033561"]
[WhiteElo "2555"]
[BlackElo "2728"]
[Result "1-0"]
[Round "03"]
[TimeControl "180+1"]
[Date "2022.12.07"]
[WhiteClock "0:00:05"]
[BlackClock "0:00:09"]

1. e4 c5 2. Nf3 e6 3. d3 d5 4. Nbd2 Bd6 5. g3 Ne7 6. Bg2 Nbc6 7. O-O O-O 8. Re1 f6 9. c4 d4 10. a3 a5 11. Nf1 f5 12. exf5 exf5 13. Ng5 Ne5 14. f4 Ng4 15. h3 Nf6 16. Ne6 Bxe6 17. Rxe6 Qd7 18. Re2 h6 19. Bd2 Kh7 20. Rb1 Nc6 21. Qa4 Rfe8 22. Rbe1 Rxe2 23. Rxe2 Qc7 24. Nh2 Nh5 25. Nf1 Qb6 26. Qb5 Qc7 27. Bf3 Nf6 28. Be1 a4 29. Re6 Qd7 30. Bd5 Bf8 31. Rxc6 bxc6 32. Bxc6 Qd8 33. Bxa8 Qxa8 34. Nh2 Qa7 35. Qa5 Qe7 36. Qd2 Qe6 37. Nf3 Bd6 38. Kf1 Qc8 39. Qc2 Qb7 40. Kg2 Qc6 41. Qe2 Qb7 42. Kf1 Bb8 43. Qg2 Qb3 44. Qe2 Qb7 45. Bf2 Qc6 46. Bg1 Qb7 47. Nh4 Qd7 48. Qg2 g5 49. fxg5 hxg5 50. Nf3 Kg6 51. Bf2 Qb7 52. Nh4+ gxh4 53. Qxb7 Bxg3 54. Bxg3 hxg3 55. Kg2 f4 56. Kf3 Kg5 57. Qb5 Kh4 58. Qxc5 Nh5 59. Qe7+ 1-0


[Site "https://www.chess.com"]

[Event "Titled Tuesday Blitz December 06 Late 2022"]
[White "Oro, Faustino"]
[Black "Urbina Perez, Juan Antonio"]
[WhiteFideId "20000197"]
[BlackFideId "2217368"]
[WhiteElo "1984"]
[BlackElo "2197"]
[Result "1-0"]
[Round "03"]
[TimeControl "180+1"]
[Date "2022.12.07"]
[WhiteClock "0:00:12"]
[BlackClock "0:00:01"]

1. e4 c5 2. Nf3 d6 3. d4 cxd4 4. Nxd4 Nf6 5. Nc3 Nc6 6. f3 e5 7. Nb3 Be6 8. Be3 d5 9. exd5 Nxd5 10. Nxd5 Qxd5 11. Qxd5 Bxd5 12. O-O-O O-O-O 13. Bb5 a6 14. Be2 Be7 15. Rhe1 Be6 16. Bb6 Rxd1+ 17. Rxd1 Bg5+ 18. Kb1 Bd8 19. Bf2 Be7 20. Nc5 Bf5 21. g4 Bg6 22. Na4 Rd8 23. Nb6+ Kb8 24. Kc1 Bg5+ 25. Kb1 Rxd1+ 26. Bxd1 f6 27. h4 Bf4 28. Nd5 Bh2 29. Be2 Bf7 30. Ne3 Nd4 31. Bd1 Bf4 32. c3 Bg6+ 33. Kc1 Nc6 34. Bc2 Bf7 35. Bxh7 Bxa2 36. Kd2 Bd5 37. Ke2 Bf7 38. Be4 Ne7 39. Ng2 Bc1 40. b4 Nd5 41. Kd3 Bb2 42. Be1 b5 43. Bd2 Ba1 44. Kc2 Kc7 45. Bxd5 Bxd5 46. Kb1 Bxf3 47. Ne1 Bxg4 48. Kxa1 f5 49. Kb2 e4 50. Bf4+ Kd7 51. Kc1 Ke6 52. Kd2 Kd5 53. Nc2 Bh5 54. Nd4 g6 55. Nb3 Bg4 56. Na5 Bh3 57. Ke3 Bf1 58. Bg5 Bd3 59. Kd2 Ke5 60. Nc6+ Kd6 61. Ne7 Ke6 62. Nxg6 Bc4 63. Nf4+ Ke5 64. Ke3 Bb3 65. h5 Bg8 66. h6 Bh7 67. Ne2 Kd5 68. Nd4 Kc4 69. Kd2 Bg6 70. Nc6 Kd5 71. Ne7+ Ke6 72. Nxg6 1-0


[Site "https://www.chess.com"]

[Event "Titled Tuesday Blitz December 06 Late 2022"]
[White "Pakleza, Zbigniew"]
[Black "Kaplan, Avi Harrison"]
[WhiteFideId "1119290"]
[BlackFideId "30934559"]
[WhiteElo "2410"]
[BlackElo "1983"]
[Result "1-0"]
[Round "03"]
[TimeControl "180+1"]
[Date "2022.12.07"]
[WhiteClock "0:00:10"]
[BlackClock "0:00:05"]

1. d4 Nf6 2. Nf3 c5 3. c3 e6 4. Bf4 b6 5. e3 Bb7 6. Nbd2 d6 7. Nc4 Qc7 8. dxc5 Qxc5 9. Bxd6 Qd5 10. Bxf8 Kxf8 11. Qb3 Nbd7 12. Rd1 Nc5 13. Qa3 Qh5 14. Be2 g6 15. Nd6 Bc6 16. b4 Nce4 17. b5 Kg7 18. bxc6 Nxd6 19. Qxd6 Rhd8 20. Qe5 Qg4 21. O-O Qa4 22. c7 Rdc8 23. Ng5 Qc6 24. Bf3 Qe8 25. Bxa8 Rxa8 26. h3 Qe7 27. Ne4 Rc8 28. Nxf6 Qxf6 29. Qxf6+ Kxf6 30. Rd7 e5 31. Rfd1 Ke6 32. R1d6+ Kf5 33. f3 e4 34. f4 h5 35. Rxf7# 1-0


[Site "https://www.chess.com"]

[Event "Titled Tuesday Blitz December 06 Late 2022"]
[White "Papp, Levente"]
[Black "Karas, Marek"]
[WhiteFideId "751243"]
[BlackFideId "14928558"]
[WhiteElo "2380"]
[BlackElo "2247"]
[Result "1/2-1/2"]
[Round "03"]
[TimeControl "180+1"]
[Date "2022.12.07"]
[WhiteClock "0:00:03"]
[BlackClock "0:00:03"]

1. Nc3 e6 2. e4 d5 3. Nf3 dxe4 4. Nxe4 Nd7 5. d4 Ngf6 6. Ng3 Be7 7. Bd3 O-O 8. O-O b6 9. Qe2 Bb7 10. Rd1 Qc8 11. Nf5 exf5 12. Qxe7 Bxf3 13. gxf3 Re8 14. Qa3 Nf8 15. Bg5 Qe6 16. c4 h6 17. Bd2 a5 18. Re1 Qd7 19. d5 Ng6 20. Qc3 Nh4 21. Bf1 f4 22. Qd3 Nh5 23. Kh1 Rxe1 24. Rxe1 Qd8 25. Bh3 Qg5 26. Rg1 Qe7 27. Bg4 Nf6 28. Bxf4 Nxg4 29. Rxg4 Qe1+ 30. Rg1 Qxf2 31. Bg3 Qxf3+ 32. Qxf3 Nxf3 33. Rf1 Nd2 34. Rf4 Rc8 35. Rd4 Nf3 36. Rd3 Ng5 37. Re3 Kf8 38. b4 axb4 39. Kg2 Nh7 40. Rb3 Nf6 41. Rxb4 Nd7 42. d6 cxd6 43. Bxd6+ Ke8 44. Bf4 Ra8 45. a4 Ra5 46. Bc7 Rg5+ 47. Kf3 Ra5 48. Bxb6 Nxb6 49. Rxb6 Rxa4 50. Rc6 Kd7 51. Rc5 Ra2 52. h4 Rc2 53. Kg4 Ke6 54. Rc6+ Ke7 55. Rc7+ Kf6 56. Rc6+ Ke5 57. Rc7 f5+ 58. Kh5 g5 59. hxg5 hxg5 60. Kxg5 Rg2+ 61. Kh4 f4 62. c5 Ke4 63. Re7+ Kf3 64. c6 Rh2+ 65. Kg5 Rc2 66. Rf7 Rc5+ 67. Rf5 Rc4 68. c7 Kg3 69. Rxf4 Rc5+ 70. Rf5 Rxc7 71. Kf6 Rc6+ 72. Ke5 Rc5+ 73. Ke6 Rxf5 74. Kxf5 1/2-1/2


[Site "https://www.chess.com"]

[Event "Titled Tuesday Blitz December 06 Late 2022"]
[White "Pasti, Aron"]
[Black "Sohal, Tanraj"]
[WhiteFideId "785857"]
[BlackFideId "2608499"]
[WhiteElo "2250"]
[BlackElo "2203"]
[Result "1-0"]
[Round "03"]
[TimeControl "180+1"]
[Date "2022.12.07"]
[WhiteClock "0:00:29"]
[BlackClock "0:00:25"]

1. e4 g6 2. d4 Bg7 3. f4 c5 4. d5 d6 5. Nc3 Nf6 6. Nf3 O-O 7. Bd2 a6 8. a4 b6 9. Bd3 Bb7 10. O-O e6 11. dxe6 fxe6 12. Ng5 Qe7 13. Bc4 d5 14. exd5 exd5 15. Re1 Qd7 16. Ba2 Nc6 17. f5 Qxf5 18. Ne6 Nd4 19. Nxf8 Rxf8 20. Rf1 Qe5 21. Bf4 Qe7 22. Bg5 Qd7 23. Ne2 Nxe2+ 24. Qxe2 h6 25. Bh4 Kh7 26. Rae1 c4 27. Qe7 g5 28. Bg3 Bc8 29. c3 Kg8 30. Bb1 Qxe7 31. Rxe7 d4 32. Bd6 Rd8 33. Rxg7+ Kxg7 34. Be7 Re8 35. Bxf6+ Kg8 36. Bxd4 b5 37. axb5 axb5 38. Bf5 Bb7 39. Bg4 Ra8 40. Bf3 Bxf3 41. gxf3 Ra1 42. Rxa1 1-0


[Site "https://www.chess.com"]

[Event "Titled Tuesday Blitz December 06 Late 2022"]
[White "Pein, Jonathan"]
[Black "Sargsyan, Anna M."]
[WhiteFideId "417092"]
[BlackFideId "13308130"]
[WhiteElo "2225"]
[BlackElo "2284"]
[Result "1-0"]
[Round "03"]
[TimeControl "180+1"]
[Date "2022.12.07"]
[WhiteClock "0:00:28"]
[BlackClock "0:01:25"]

1. c4 c6 2. d4 d5 3. cxd5 cxd5 4. Nc3 e5 5. dxe5 d4 6. Ne4 Qa5+ 7. Nd2 Nc6 8. Nf3 Bg4 9. Qb3 Rc8 10. e3 dxe3 11. fxe3 Nb4 12. Bc4 Nh6 13. O-O b5 14. Bd5 Nxd5 15. Qxd5 Be6 16. Qb7 Bc5 17. Nb3 Bxb3 18. Qxc8+ Ke7 19. Qxc5+ Ke8 20. Qc8+ Ke7 21. Qxh8 Bc4 22. Qxg7 Bxf1 23. Qf6+ Ke8 24. Qxh6 Bd3 25. Qc6+ 1-0


[Site "https://www.chess.com"]

[Event "Titled Tuesday Blitz December 06 Late 2022"]
[White "Perske, Thore"]
[Black "Liu, Kelsey"]
[WhiteFideId "12902195"]
[BlackFideId "30944481"]
[WhiteElo "2336"]
[BlackElo "2286"]
[Result "1-0"]
[Round "03"]
[TimeControl "180+1"]
[Date "2022.12.07"]
[WhiteClock "0:00:15"]
[BlackClock "0:00:02"]

1. e4 c5 2. Nf3 e6 3. d3 Nc6 4. g3 Nf6 5. Bg2 g6 6. O-O Bg7 7. Re1 O-O 8. Nc3 d5 9. e5 Nd7 10. Bf4 a6 11. h4 h6 12. Qd2 Kh7 13. a4 b6 14. Nd1 Ra7 15. c3 f6 16. exf6 Nxf6 17. Ne5 Nxe5 18. Bxe5 Nh5 19. Bxg7 Nxg7 20. Ne3 Raf7 21. Re2 e5 22. Bxd5 Bb7 23. Bxb7 Rxb7 24. Nc4 Re7 25. Rae1 e4 26. Rxe4 Ref7 27. R1e2 Qc7 28. Qe3 b5 29. axb5 axb5 30. Ne5 Rf6 31. Ng4 Rf3 32. Qxh6+ Kg8 33. R4e3 Rxe3 34. Rxe3 Nf5 35. Qxg6+ Qg7 36. Qxg7+ Kxg7 37. Re5 c4 38. d4 Rf7 39. Rxb5 Ra7 40. Kg2 Nd6 41. Rd5 Ra6 42. Ne5 Kf6 43. Rxd6+ Rxd6 44. Nxc4 Ra6 45. Kf3 Ke6 46. Ne3 Ra2 47. d5+ Kd6 48. b3 Rb2 49. Nc4+ Kxd5 50. Nxb2 1-0


[Site "https://www.chess.com"]

[Event "Titled Tuesday Blitz December 06 Late 2022"]
[White "Pham, Le Thao Nguyen"]
[Black "Adewumi, Tanitoluwa"]
[WhiteFideId "12401226"]
[BlackFideId "30966396"]
[WhiteElo "2282"]
[BlackElo "2526"]
[Result "1/2-1/2"]
[Round "03"]
[TimeControl "180+1"]
[Date "2022.12.07"]
[WhiteClock "0:00:48"]
[BlackClock "0:00:01"]

1. d4 Nf6 2. Nf3 e6 3. c4 b6 4. Nc3 Bb7 5. g3 Bxf3 6. exf3 Bb4 7. Bd3 O-O 8. O-O d5 9. cxd5 Nxd5 10. Nxd5 Qxd5 11. a3 Be7 12. Be4 Qd7 13. Bxa8 c6 14. Qa4 b5 15. Qa5 Bd8 16. Qc3 Bb6 17. Bf4 Bxd4 18. Qd2 e5 19. Be3 Na6 20. Bxd4 exd4 21. Qa5 Nc5 22. Qb4 Ne6 23. a4 Rxa8 24. axb5 cxb5 25. Ra6 Qb7 26. Rd6 a5 27. Qb3 a4 28. Qd5 Qxd5 29. Rxd5 b4 30. f4 g6 31. Ra1 a3 32. bxa3 bxa3 33. Kf1 Kf8 34. Rb5 Ke7 35. Rb3 a2 36. Rb2 Rc8 37. Rbxa2 Kf6 38. Rd1 Rc3 39. Rad2 Rc4 40. Kg2 Kf5 41. Rd3 h5 42. h3 h4 43. Kf3 hxg3 44. fxg3 Kf6 45. Ra1 Rc2 46. Ra6 Rc4 47. g4 Kg7 48. h4 Nc5 49. Raa3 Nxd3 50. Rxd3 f5 51. h5 fxg4+ 52. Kxg4 gxh5+ 53. Kxh5 Kf6 54. Kg4 Ke6 55. Ra3 Kd5 56. Kg5 Ke4 57. f5 Rc5 58. Ra8 Rxf5+ 59. Kg4 Re5 60. Kg3 d3 61. Kf2 Rb5 62. Re8+ Kd4 63. Ke1 Rb1+ 64. Kd2 Rb2+ 65. Kc1 Rf2 66. Rd8+ Ke3 67. Re8+ Kf3 68. Rf8+ Ke2 69. Rxf2+ Kxf2 70. Kd2 Kf3 71. Kxd3 1/2-1/2


[Site "https://www.chess.com"]

[Event "Titled Tuesday Blitz December 06 Late 2022"]
[White "Pinheiro, Iung Alicio de O."]
[Black "Guzman Moneo, Alberto"]
[WhiteFideId "2104350"]
[BlackFideId "2209616"]
[WhiteElo "2283"]
[BlackElo "2157"]
[Result "1-0"]
[Round "03"]
[TimeControl "180+1"]
[Date "2022.12.07"]
[WhiteClock "0:00:21"]
[BlackClock "0:00:52"]

1. e4 c5 2. Nf3 Nc6 3. c3 e5 4. Bc4 Be7 5. O-O d6 6. d4 cxd4 7. cxd4 Nf6 8. Nc3 O-O 9. h3 a6 10. Be3 b5 11. Bd3 Bb7 12. Rc1 Rc8 13. Re1 Re8 14. d5 Nb8 15. Kh1 Nbd7 16. g4 Nc5 17. a3 Nxd3 18. Qxd3 Nd7 19. g5 Nc5 20. Qe2 Qd7 21. Kh2 f5 22. gxf6 Bxf6 23. Rg1 Rf8 24. Rg3 a5 25. Bxc5 Rxc5 26. b4 axb4 27. axb4 Rc4 28. Nd2 Rxb4 29. Ra1 Ra8 30. Rag1 Rb2 31. Nd1 Rc2 32. Ne3 Rb2 33. Qf3 Rxd2 34. Qxf6 Rxf2+ 35. Qxf2 b4 36. Rxg7+ Qxg7 37. Rxg7+ Kxg7 38. Nf5+ Kh8 39. Qh4 Rf8 40. Qe7 Rf7 41. Qxf7 1-0


[Site "https://www.chess.com"]

[Event "Titled Tuesday Blitz December 06 Late 2022"]
[White "Poliakova, Varvara"]
[Black "Osmonbekov, Talaibek"]
[WhiteFideId "13518313"]
[BlackFideId "2017253"]
[WhiteElo "2075"]
[BlackElo "2135"]
[Result "1-0"]
[Round "03"]
[TimeControl "180+1"]
[Date "2022.12.07"]
[WhiteClock "0:01:56"]
[BlackClock "0:00:35"]

1. e4 c5 2. Nc3 a6 3. d3 b5 4. g3 Bb7 5. Bg2 e6 6. f4 f5 7. Nf3 b4 8. Ne2 fxe4 9. Ng5 Nf6 10. Nxe4 Nxe4 11. dxe4 Be7 12. O-O O-O 13. Be3 d5 14. exd5 exd5 15. f5 d4 16. Bxb7 Ra7 17. Bg2 dxe3 18. Nf4 Rxf5 19. Qg4 Rg5 20. Qe6+ Kh8 21. Rad1 Rd7 22. Rxd7 Qxd7 23. Qxe3 Nc6 24. Bxc6 Qxc6 25. Qxe7 h6 26. Re1 Qb6 27. Qe8+ Kh7 28. Qe4+ Kh8 29. Ne6 c4+ 30. Kg2 Ra5 31. Qa8+ Kh7 32. Nf8+ Kg8 33. Nd7+ 1-0


[Site "https://www.chess.com"]

[Event "Titled Tuesday Blitz December 06 Late 2022"]
[White "Przybylski, Wojciech"]
[Black "Ardila, Oscar Humberto"]
[WhiteFideId "1117599"]
[BlackFideId "4404742"]
[WhiteElo "2217"]
[BlackElo "1961"]
[Result "0-1"]
[Round "03"]
[TimeControl "180+1"]
[Date "2022.12.07"]
[WhiteClock "0:00:01"]
[BlackClock "0:00:59"]

1. e4 e5 2. Nf3 Nc6 3. Bb5 a6 4. Ba4 Nf6 5. O-O b5 6. Bb3 Be7 7. c3 d6 8. Re1 Bg4 9. h3 Bh5 10. a4 b4 11. Bd5 Nxd5 12. exd5 Nb8 13. cxb4 O-O 14. Nc3 Nd7 15. g4 Bg6 16. d4 f5 17. dxe5 dxe5 18. Nxe5 Nxe5 19. Rxe5 Bd6 20. Re6 Qh4 21. Rxd6 cxd6 22. Qf3 fxg4 23. Qg3 Qxh3 24. Bf4 Rf6 25. Re1 Raf8 26. Qxh3 gxh3 27. Bg3 Re8 28. Ra1 Bd3 29. b5 a5 30. Rd1 Bc2 31. Rd4 g5 32. Kh2 h5 33. Kxh3 h4 34. Bh2 Rxf2 35. Bxd6 Bf5+ 36. Rg4 Rf3+ 37. Kg2 Bxg4 38. Bc5 Rg3+ 39. Kh2 Re1 40. d6 Bf3 41. Bg1 Rg2+ 0-1


[Site "https://www.chess.com"]

[Event "Titled Tuesday Blitz December 06 Late 2022"]
[White "Pultinevicius, Paulius"]
[Black "Estrada Nieto, Julian"]
[WhiteFideId "12809390"]
[BlackFideId "5101018"]
[WhiteElo "2486"]
[BlackElo "2195"]
[Result "1-0"]
[Round "03"]
[TimeControl "180+1"]
[Date "2022.12.07"]
[WhiteClock "0:00:23"]
[BlackClock "0:00:04"]

1. b3 d5 2. Bb2 Nf6 3. e3 Bg4 4. Be2 Bxe2 5. Qxe2 Nbd7 6. Nf3 e6 7. c4 c6 8. a3 Bd6 9. d4 O-O 10. Nbd2 a5 11. Ne5 Qb8 12. f4 Ra6 13. O-O-O b5 14. c5 Be7 15. g4 Rd8 16. h4 Qb7 17. h5 Nxe5 18. fxe5 Nd7 19. Nf3 f6 20. exf6 Nxf6 21. Ng5 Qd7 22. h6 g6 23. Rdf1 Rf8 24. Kb1 Raa8 25. Bc1 Ne4 26. Nxe4 dxe4 27. Rxf8+ Rxf8 28. Rf1 Qd5 29. Kc2 Rf3 30. Bb2 a4 31. bxa4 bxa4 32. Kb1 Bg5 33. Qa6 Rxf1+ 34. Qxf1 Qb3 35. Qa6 Qd3+ 36. Qxd3 exd3 37. Bc1 Bxh6 38. Kb2 Bg7 39. Kc3 h5 40. gxh5 gxh5 41. Kxd3 h4 42. Ke2 e5 43. d5 cxd5 44. c6 d4 45. c7 d3+ 46. Kxd3 e4+ 47. Kxe4 1-0


[Site "https://www.chess.com"]

[Event "Titled Tuesday Blitz December 06 Late 2022"]
[White "Rastbod, Ali"]
[Black "Taboas Rodriguez, Daniel"]
[WhiteFideId "12567477"]
[BlackFideId "2208466"]
[WhiteElo "2223"]
[BlackElo "2329"]
[Result "0-1"]
[Round "03"]
[TimeControl "180+1"]
[Date "2022.12.07"]
[WhiteClock "0:00:05"]
[BlackClock "0:00:14"]

1. e4 e5 2. Nf3 Nc6 3. Bc4 Nf6 4. d3 Bc5 5. c3 d6 6. O-O a6 7. Bb3 Ba7 8. Nbd2 O-O 9. h3 Be6 10. Re1 Qd7 11. Nf1 Rfe8 12. Ng3 d5 13. Ng5 Rad8 14. Nxe6 fxe6 15. Qe2 Rf8 16. Be3 d4 17. Bg5 h6 18. Bxf6 Rxf6 19. c4 Bc5 20. a3 Rdf8 21. Rf1 Ne7 22. Nh5 R6f7 23. Bd1 Ng6 24. b4 Be7 25. g3 Bg5 26. c5 Be3 27. Ra2 Rxf2 28. Rxf2 Rxf2 29. Qxf2 Qe7 30. Kg2 Bxf2 31. Rxf2 Qg5 32. Bg4 Nf8 33. Be2 Qc1 34. Bg4 Qxa3 35. h4 Qxb4 36. Bh3 Qxc5 37. g4 Qc3 38. Ng3 Qxd3 39. g5 hxg5 40. hxg5 a5 41. g6 Qe3 42. Rf3 Qg5 43. Kh2 Qxg6 44. Bg2 Qh6+ 45. Kg1 Qg5 46. Nf1 Qg4 47. Rg3 Qe2 48. Bf3 Qc2 49. Rg2 Qc4 50. Nd2 Qc3 51. Rf2 Qe3 52. Bg4 c5 53. Kg2 b5 54. Nf1 Qg5 55. Kg3 c4 56. Nh2 d3 57. Nf3 Qf4+ 58. Kh3 Qe3 59. Rf1 c3 60. Re1 Qf4 61. Rd1 d2 62. Rb1 c2 63. Nxd2 Qxd2 0-1


[Site "https://www.chess.com"]

[Event "Titled Tuesday Blitz December 06 Late 2022"]
[White "Rendle, Thomas E"]
[Black "Melkumyan, Hrant"]
[WhiteFideId "408760"]
[BlackFideId "13302485"]
[WhiteElo "2428"]
[BlackElo "2604"]
[Result "0-1"]
[Round "03"]
[TimeControl "180+1"]
[Date "2022.12.06"]
[WhiteClock "0:01:07"]
[BlackClock "0:01:28"]

1. e4 c5 2. Nf3 Nc6 3. Bb5 g6 4. Bxc6 dxc6 5. O-O Bg7 6. d3 e5 7. a4 Qe7 8. Na3 Nf6 9. Nc4 Nd7 10. a5 O-O 11. Re1 Rd8 12. Be3 Nf8 13. Qc1 Bg4 14. Nfd2 Be6 15. b3 f6 16. Qa3 Nd7 17. Nb1 Bf8 18. Nc3 Nb8 19. Rf1 Na6 20. f4 exf4 21. Bxf4 Bg7 22. Rae1 Qd7 23. Kh1 Re8 24. Qc1 Nc7 25. Nd6 Reb8 26. Qe3 b6 27. axb6 axb6 28. Nc4 Rb7 29. Qg3 Nb5 30. Na4 Bxc4 31. dxc4 Nd4 32. Rf2 Re8 33. e5 Nf5 34. Qc3 fxe5 35. Bxe5 Bxe5 0-1


[Site "https://www.chess.com"]